Map: Cerulean Fall LE

Players

Harcold - Winner!

  • Race: Protoss Protoss
  • League: Gold
  • Spawn Location: 7:00

SILENTBOB

  • Race: Terran Terran
  • League: Gold
  • Spawn Location: 1:00

VOD

Have the link to the VOD?

Description

Time

  • Played on: Sept. 12, 2018, 4:44 p.m.
  • Length: 7:41
Show
View Real Time Build Order
Export as new Build Order

Harcold Protoss - Winner!

Build Orders:  

Get SALT Encoding   

  12  0:01  Probe  
  13  0:13  Probe  
  14  0:18  Pylon  
  14  0:25  Probe  
  15  0:37  Probe  
  15  0:41  Gateway  
  16  0:49  Probe  
  17  0:57  Probe  
  17  0:58  Assimilator  
  17  1:04  Assimilator  
  18  1:05  Probe  
  19  1:14  Gateway  
  19  1:15  Probe  
  20  1:27  Probe  
  21  1:37  Cybernetics Core  
  21  1:39  Probe  
  22  1:52  Probe  
  22  1:54  Pylon  
  23  2:05  Stalker x2  
  23  2:15  Warp Gate  
  27  2:19  Probe  
  28  2:28  Pylon  
  28  2:31  Probe  
  28  2:37  Stalker  
  31  2:46  Stalker  
  33  2:53  Robotics Facility  
  33  3:05  Probe  
  34  3:17  Probe  
  35  3:20  Stalker x2  
  39  3:42  Pylon  
  39  3:51  Immortal  
  39  3:59  Gateway  
  39  4:00  Probe  
  44  4:12  Probe  
  44  4:13  Nexus  
  43  4:27  Stalker x2  
  47  4:43  Pylon  
  47  4:52  Pylon  
  47  5:01  Immortal  
  51  5:14  Stalker x3  
  53  5:18  Probe  
  58  5:26  Probe  
  59  5:30  Probe  
  60  5:38  Probe  
  60  5:42  Immortal  
  59  5:43  Probe  
  59  5:49  Stalker x2  
  68  5:50  Probe  
  69  5:58  Pylon  
  69  6:09  Immortal  
  61  6:19  Stalker x3  
  71  6:28  Probe  
  71  6:29  Probe  
  73  6:37  Robotics Facility  
  73  6:40  Probe  
  74  6:49  Stalker x2  
  74  6:50  Stalker  
  80  7:02  Assimilator  
  80  7:04  Assimilator  
  80  7:05  Probe x2  
  70  7:17  Probe x2  
  62  7:31  Stalker x3  
Show
View Real Time Build Order
Export as new Build Order

SILENTBOB Terran 

Build Orders: Cyclone Opening 

Get SALT Encoding   

  12  0:00  SCV  
  13  0:12  SCV  
  14  0:21  Supply Depot  
  14  0:26  Refinery  
  14  0:30  SCV  
  15  0:44  Barracks  
  15  0:48  SCV  
  16  0:57  Refinery  
  16  1:00  SCV  
  17  1:13  SCV  
  18  1:25  SCV  
  19  1:33  Factory  
  19  1:37  SCV  
  20  1:44  Barracks Reactor  
  20  1:49  SCV  
  22  2:01  SCV  
  22  2:15  SCV  
  23  2:23  Supply Depot  
  23  2:34  Supply Depot  
  23  2:37  Orbital Command  
  23  2:49  Supply Depot  
  23  2:55  Cyclone x2  
  29  3:12  Supply Depot  
  28  3:28  Cyclone  
  28  3:29  Supply Depot  
  31  3:51  Cyclone  
  34  4:00  Cyclone  
  37  4:17  Supply Depot  
  37  4:23  Cyclone  
  37  4:39  Cyclone  
  40  4:46  Supply Depot  
  40  4:49  Command Center  
  40  4:55  Cyclone  
  43  5:11  Cyclone  
  46  5:18  Barracks Tech Lab  
  46  5:21  Barracks  
  46  5:23  Barracks  
  46  5:29  SCV  
  47  5:42  SCV  
  45  5:46  Marauder  
  47  5:54  SCV  
  48  5:58  Widow Mine x2  
  48  6:03  Concussive Shells  
  52  6:04  SCV  
  52  6:08  Marauder  
  46  6:12  Barracks Tech Lab x2  
  46  6:16  SCV  
  46  6:26  Cyclone  
  46  6:28  SCV  
  46  6:29  Marauder  
  46  6:32  Marauder  
  54  6:35  Marauder  
  56  6:45  SCV  
  56  6:46  Refinery  
  57  6:50  Refinery  
  57  7:00  Marauder x2  
Tags
 
Add a new tag
Caveats
  • Supply blocks, unpowered buildings, or Contaminate may cause inaccurate times.
  • Supply counts are checked every 10 seconds.